 Dungeon Crawl Stone Soup version 0.26-a0-667-g92642533e4 (webtiles) character file.

Game seed: 16983197079429774848

186 jiml777 the Digger (level 5, -1/28 HPs)
             Began as a Gargoyle Earth Elementalist on Oct 17, 2020.
             Slain by an ice beast (3 damage)
             ... on level 3 of the Dungeon.
             The game lasted 00:17:28 (2904 turns).

jiml777 the Digger (Gargoyle Earth Elementalist)    Turns: 2904, Time: 00:17:29

Health: -1/28      AC:  7    Str: 11    XL:     5   Next: 65%
Magic:  1/9        EV: 12    Int: 17    God:
Gold:   132        SH:  0    Dex: 10    Spells: 4/10 levels left

rFire    . . .     SeeInvis .   e - +1 dagger (flame)
rCold    . . .     Faith    .   (no shield)
rNeg     + . .     Spirit   .   c - +0 robe
rPois    ∞         Reflect  .   (no helmet)
rElec    +         Harm     .   o - +0 cloak
rCorr    +         Rampage  .   (no gloves)
MR       .....                  (no boots)
Stlth    ++........             (no amulet)
HPRegen  0.09/turn              v - ring of resist corrosion
MPRegen  0.11/turn              (no ring)

@: very slightly contaminated
A: negative energy resistance 1, electricity resistance, unbreathing,
petrification resistance, rot immunity, AC +4
a: no special abilities


You were on level 3 of the Dungeon.
You visited 1 branch of the dungeon, and saw 3 of its levels.

You collected 132 gold pieces.

Inventory:

Hand Weapons
 e - a +1 dagger of flaming (weapon)
 k - a +2 vampiric hand axe
 u - a +0 hunting sling
Missiles
 b - 150 stones (quivered)
 d - 50 arrows
 f - 68 sling bullets
 n - 3 boomerangs
 r - 5 javelins
Armour
 c - a +0 robe (worn)
 l - a +0 ring mail
 o - a +0 cloak (worn)
Jewellery
 v - a ring of resist corrosion (left hand)
Scrolls
 a - a scroll of amnesia
 h - a scroll of teleportation
 i - a scroll of enchant weapon {unknown}
Potions
 g - a potion of heal wounds
 m - a potion of lignification
 p - a potion of haste
 t - a potion of flight


   Skills:
 + Level 0.8 Axes
 + Level 2.0 Dodging
 + Level 2.4 Stealth
 * Level 3.0 Spellcasting
 * Level 0.7 Conjurations
 * Level 1.1 Transmutations
 * Level 5.9 Earth Magic


You had 4 spell levels left.
You knew the following spells:

 Your Spells              Type           Power        Failure   Level
a - Sandblast             Erth           ###...       1%          1
b - Passwall              Tmut/Erth      ##......     6%          2
c - Stone Arrow           Conj/Erth      ##....       13%         3

Your spell library contained the following spells:

 Spells                   Type           Power        Failure   Level
 Petrify                  Tmut/Erth      ##......     38%         4
 Lee's Rapid Deconstruct  Erth           ###.......   41%         5


Dungeon Overview and Level Annotations

Branches:
Dungeon (3/15)

Altars:


Innate Abilities, Weirdness & Mutations

You are resistant to torment.
Your stone body is resilient. (AC +4)
You are immune to poison.
You resist negative energy. (rN+)
You are resistant to electric shocks. (rElec)
You can survive without breathing.
You are immune to petrification.
You are immune to rotting.


Message History

Aim: an ice beast (heavily wounded)
The blast of sand hits the ice beast but does no damage.
The ice beast is heavily wounded.
b - 150 stones The ice beast closely misses you.
You hit the ice beast but do no damage.
The ice beast is heavily wounded.
The ice beast hits you but does no damage.
You hit the ice beast but do no damage.
The ice beast is heavily wounded.
The ice beast barely misses you.
You barely miss the ice beast.
The ice beast is heavily wounded.
The ice beast hits you. The ice beast freezes you!
Ouch! That really hurt!
* * * LOW HITPOINT WARNING * * *
You hit the ice beast but do no damage.
The ice beast is heavily wounded.
The ice beast hits you.
You die...

#...###.....###.....##
#............##...#.#
###.............#...#
#...##..^....##.##..#
#.#####......#.. ..#
#########.####|........
#....................#
#....................#
#.......######.@Y...##.
####...## #........#
##### #.###....# #..
.#.# ##. ... ## .. .


You could see an ice beast.

Vanquished Creatures
  2 orc wizards (D:3)
  Jessica (D:3)
  4 adders (D:2)
  An ooze (D:2)
  A worm (D:2)
  6 leopard geckos
  2 orcs
  2 ball pythons
  3 giant cockroaches
  7 goblins
  4 hobgoblins
  4 jackals (D:2)
  3 kobolds
  A quokka (D:3)
  3 bats
  6 frilled lizards
  5 rats
55 creatures vanquished.

Notes
Turn   | Place    | Note
-------+----------+-------------------------------------------
     0 | D:1      | jiml777 the Gargoyle Earth Elementalist began the quest for
                  | the Orb.
     0 | D:1      | Reached XP level 1. HP: 10/10 MP: 3/3
   234 | D:1      | Reached skill level 4 in Earth Magic
   254 | D:1      | Reached XP level 2. HP: 15/15 MP: 3/5
   331 | D:1      | Learned a level 2 spell: Passwall
  1142 | D:2      | Found a faded altar of an unknown god.
  1210 | D:2      | Reached XP level 3. HP: 19/19 MP: 3/6
  1620 | D:2      | Reached skill level 5 in Earth Magic
  1681 | D:2      | Learned a level 3 spell: Stone Arrow
  1732 | D:2      | Reached XP level 4. HP: 24/24 MP: 3/7
  2303 | D:3      | Noticed Jessica
  2306 | D:3      | Killed Jessica
  2393 | D:3      | Reached XP level 5. HP: 27/28 MP: 4/8
  2453 | D:3      | Reached skill level 1 in Transmutations
  2888 | D:3      | Noticed an ice beast
  2904 | D:3      | Slain by an ice beast

Illustrated notes

Levels and vault maps discovered:
D:1:      erik_arrival_cave_to_civilisation [erik_arrival_cave_to_temple],
          layout_basic
D:2:      layout_basic, chequers_ecumenical_altar_simple_redux, minivault_24,
          palyth_stone_intersect, minmay_cut_off
D:3:      layout_rooms, uniq_jessica

Skill      XL: |  1  2  3  4  5 |
---------------+----------------+-----
Earth Magic    | 4 5 |  5.9
Dodging        | 2 |  2.0
Transmutations | 1 |  1.1
Spellcasting   | 3 |  3.0
Axes           | |  0.8
Stealth        | |  2.4
Conjurations   | |  0.7

Action                   |  1- 3 |  4- 6 || total
-------------------------+-------+-------++-------
Melee: Hand axe          |     7 |    24 ||    31
       Dagger            |       |     5 ||     5
 Cast: Sandblast         |    39 |    42 ||    81
  Use: Scroll            |       |    10 ||    10
Armor: Robe              |     5 |    27 ||    32
Dodge: Dodged            |     6 |    36 ||    42

Table legend: (Time is in decaauts)
 A = Elapsed time spent in this place.
 B = Non-inter-level travel time spent in this place.
 C = Inter-level travel time spent in this place.
 D = Time resting spent in this place.
 E = Time spent auto-exploring this place.
 F = Levels seen in this place.
 G = Mean time per level.
                   A        B        C        D        E       F      G
               +--------+--------+--------+--------+--------+-----+--------+
         Total |   2920 |   2880 |     40 |    711 |   1563 |   3 |  973.3 |
       Dungeon |   2920 |   2880 |     40 |    711 |   1563 |   3 |  973.3 |
               +--------+--------+--------+--------+--------+-----+--------+

Top non-repeatable levels by time:
     D:2: 1412 daAuts
     D:1: 1111 daAuts
     D:3: 396 daAuts
